[Event "10th LCC FIDE Open 2018"]
[Site "London"]
[Date "2018.12.15"]
[Round "8"]
[White "Georgescu, Lena"]
[Black "Signorelli, Gaetano"]
[Result "1-0"]
[ECO "B01"]
[WhiteElo "2162"]
[BlackElo "2222"]
[Annotator "NA"]
[PlyCount "89"]
[EventDate "2018.12.09"]
[EventType "swiss"]
[EventCountry "ENG"]
[SourceTitle "playchess.com"]
[Source "ChessBase"]
[SourceQuality "1"]
[TimeControl "40/5400+30:1800+30"]

1. e4 d5 2. exd5 Nf6 3. d4 Bg4 4. Bb5+ Nbd7 5. Be2 Bxe2 6. Qxe2 Nxd5 7. Nf3 g6 8. O-O Bg7 9. c4 N5f6 10. Nc3 O-O 11. Bg5 Re8 12. Rad1 c6 13. Rfe1 h6 14. Bh4 Qa5 15. Ne5 e6 16. a3 c5 17. Nxd7 Nxd7 18. dxc5 Bxc3 19. bxc3 Nxc5 20. Bf6 Kh7 21. Qd2 Rac8 22. Qf4 e5 23. Bxe5 f5 24. h4 Rf8 25. Rd6 Rce8 26. Red1 Rf7 27. R1d5 Qxa3 28. h5 g5 29. Qd4 Ne6 30. Qd2 Ng7 31. Qd4 Ne6 32. Qd3 Qc1+ 33. Qd1 Qxd1+ 34. Rxd1 a6 35. Rb6 Rd8 36. Rd5 Rxd5 37. cxd5 Ng7 38. c4 Nxh5 39. c5 Ng7 40. c6 bxc6 41. dxc6 Ne6 42. Rxa6 Re7 43. Rb6 Nc5 44. c7 Re8 45. Rb8 1-0

[Event "10th LCC FIDE Open 2018"]
[Site "London"]
[Date "2018.12.15"]
[Round "8"]
[White "Woong, Zhi Wei William"]
[Black "Hill, Alistair"]
[Result "1-0"]
[ECO "B31"]
[WhiteElo "2146"]
[BlackElo "2219"]
[Annotator "NA"]
[PlyCount "105"]
[EventDate "2018.12.09"]
[EventType "swiss"]
[EventCountry "ENG"]
[SourceTitle "playchess.com"]
[Source "ChessBase"]
[SourceQuality "1"]
[TimeControl "40/5400+30:1800+30"]

1. e4 c5 2. Nf3 Nc6 3. Bb5 g6 4. O-O Bg7 5. c3 Nf6 6. Re1 O-O 7. d4 d5 8. e5 Ne4 9. Nbd2 cxd4 10. cxd4 Qb6 11. Bxc6 Qxc6 12. Qe2 Nxd2 13. Bxd2 Qb6 14. Bg5 Re8 15. b3 h6 16. Be3 Bf5 17. Rec1 Rac8 18. Qd2 g5 19. h4 g4 20. Nh2 Rxc1+ 21. Rxc1 Rc8 22. Nf1 Rxc1 23. Qxc1 Qc6 24. Qa3 e6 25. Qxa7 Qc8 26. Ng3 Bg6 27. Qa5 Kh7 28. Qd2 Bf8 29. h5 Bb1 30. Qe2 Qc7 31. Qb2 Bd3 32. Nf1 Qa5 33. Bd2 Qa3 34. Bc1 Qa6 35. Ne3 Bf5 36. Nxf5 exf5 37. Qc2 Qe6 38. a4 Be7 39. Bd2 Bg5 40. Bxg5 hxg5 41. b4 Kh6 42. b5 Qb6 43. Qc5 Qa5 44. Qf8+ Kxh5 45. Qxf7+ Kh6 46. Qf6+ Kh5 47. Qxf5 g3 48. Qh7+ Kg4 49. Qh3+ Kf4 50. Qxg3+ Ke4 51. Qe3+ Kf5 52. e6 Qxa4 53. e7 1-0

[Event "10th LCC FIDE Open 2018"]
[Site "London"]
[Date "2018.12.15"]
[Round "8"]
[White "Eche, Sylvain"]
[Black "Lacasa Diaz, Jose Antonio"]
[Result "0-1"]
[ECO "B13"]
[WhiteElo "2136"]
[BlackElo "2389"]
[Annotator "NA"]
[PlyCount "86"]
[EventDate "2018.12.09"]
[EventType "swiss"]
[EventCountry "ENG"]
[SourceTitle "playchess.com"]
[Source "ChessBase"]
[SourceQuality "1"]
[TimeControl "40/5400+30:1800+30"]

1. e4 c6 2. d4 d5 3. exd5 cxd5 4. Bd3 Nc6 5. c3 Nf6 6. Bf4 Bg4 7. Qb3 Qd7 8. Nd2 e6 9. Ngf3 Bd6 10. Ne5 Qc7 11. Nxg4 Bxf4 12. Nxf6+ gxf6 13. Qc2 h5 14. O-O-O O-O-O 15. Kb1 Rdg8 16. g3 Bxd2 17. Qxd2 h4 18. Qe3 f5 19. Bb5 Ne7 20. Rc1 Kb8 21. f4 Nc8 22. Bd3 Nd6 23. Rcg1 Qe7 24. a3 a6 25. Ka2 Rg6 26. Bxf5 Rgh6 27. g4 Nxf5 28. gxf5 Ka7 29. Qe5 Rf6 30. Re1 Rh5 31. Qxd5 Rhxf5 32. Qc4 Rxf4 33. Rhg1 Rf2 34. d5 R6f4 35. Qc8 Ra4 36. Kb3 Ra5 37. c4 Qf6 38. Rb1 exd5 39. c5 Rb5+ 40. Ka4 Qd4+ 41. b4 Qc4 42. Qc7 Rf3 43. Rb2 Qc3 0-1

[Event "10th LCC FIDE Open 2018"]
[Site "London"]
[Date "2018.12.15"]
[Round "8"]
[White "Burrows, Martin P"]
[Black "Knudsen, Simon"]
[Result "1-0"]
[ECO "B44"]
[WhiteElo "2134"]
[BlackElo "2206"]
[Annotator "NA"]
[PlyCount "77"]
[EventDate "2018.12.09"]
[EventType "swiss"]
[EventCountry "ENG"]
[SourceTitle "playchess.com"]
[Source "ChessBase"]
[SourceQuality "1"]
[TimeControl "40/5400+30:1800+30"]

1. e4 c5 2. Nf3 Nc6 3. d4 cxd4 4. Nxd4 e6 5. Nb5 d6 6. c4 Nf6 7. N1c3 a6 8. Na3 Be7 9. Be2 O-O 10. O-O Bd7 11. Be3 Qa5 12. Rc1 Rfd8 13. f4 Be8 14. Qe1 d5 15. cxd5 Bxa3 16. bxa3 exd5 17. exd5 Nxd5 18. Nxd5 Qxd5 19. Bb6 Rd6 20. Bc4 Qf5 21. Qf2 Na5 22. Be2 Bb5 23. Rc5 Qe6 24. Re5 Rxb6 25. Rxe6 Rxe6 26. Bxb5 axb5 27. Qc5 h6 28. Qxb5 b6 29. f5 Rd6 30. Re1 Kh7 31. Re8 Ra7 32. h3 Rc7 33. Rb8 Rc5 34. Qb1 Nc4 35. f6+ g6 36. Qe4 Ne5 37. Qa8 g5 38. Qe4+ Ng6 39. Qe8 1-0

[Event "10th LCC FIDE Open 2018"]
[Site "London"]
[Date "2018.12.15"]
[Round "8"]
[White "Lindholm, Jere"]
[Black "Tombolis, Christopher"]
[Result "1/2-1/2"]
[ECO "B60"]
[WhiteElo "2130"]
[BlackElo "1898"]
[Annotator "NA"]
[PlyCount "34"]
[EventDate "2018.12.09"]
[EventType "swiss"]
[EventCountry "ENG"]
[SourceTitle "playchess.com"]
[Source "ChessBase"]
[SourceQuality "1"]
[TimeControl "40/5400+30:1800+30"]

1. e4 c5 2. Nf3 Nc6 3. d4 cxd4 4. Nxd4 Nf6 5. Nc3 d6 6. Bg5 a6 7. f4 Qb6 8. Nb3 Ng4 9. Qf3 Nb4 10. Bd3 g6 11. h3 Qe3+ 12. Qxe3 Nxe3 13. Kf2 Nexc2 14. Bxc2 Nxc2 15. Rac1 Nb4 16. Rhd1 Bg7 17. Na4 Nc6 1/2-1/2

[Event "10th LCC FIDE Open 2018"]
[Site "London"]
[Date "2018.12.15"]
[Round "8"]
[White "Osborne, Marcus E"]
[Black "Jaufarally, Nadia"]
[Result "0-1"]
[ECO "D00"]
[WhiteElo "2128"]
[BlackElo "1833"]
[Annotator "NA"]
[PlyCount "58"]
[EventDate "2018.12.09"]
[EventType "swiss"]
[EventCountry "ENG"]
[SourceTitle "playchess.com"]
[Source "ChessBase"]
[SourceQuality "1"]
[TimeControl "40/5400+30:1800+30"]

1. d4 Nf6 2. Bg5 d5 3. Bxf6 gxf6 4. c4 c5 5. cxd5 Qxd5 6. Nf3 cxd4 7. Nc3 Qd7 8. Nxd4 a6 9. e3 Nc6 10. Bc4 Nxd4 11. exd4 b5 12. Bd5 Bb7 13. Qf3 Bxd5 14. Nxd5 Rd8 15. Ne3 e6 16. O-O Bg7 17. Ng4 O-O 18. Rfd1 f5 19. Ne5 Qd5 20. Qh5 Qe4 21. Re1 Qc2 22. Re2 Qc7 23. Nf3 Qf4 24. Ne5 Qxd4 25. Rae1 Rd5 26. h3 Rxe5 27. Rxe5 Bxe5 28. g4 Kh8 29. gxf5 Rg8+ 0-1

[Event "10th LCC FIDE Open 2018"]
[Site "London"]
[Date "2018.12.15"]
[Round "8"]
[White "Bhawoodien, Mohamed Ozayr"]
[Black "Saidmurodov, Shahjahon"]
[Result "1-0"]
[ECO "A56"]
[WhiteElo "2123"]
[BlackElo "1549"]
[Annotator "NA"]
[PlyCount "123"]
[EventDate "2018.12.09"]
[EventType "swiss"]
[EventCountry "ENG"]
[SourceTitle "playchess.com"]
[Source "ChessBase"]
[SourceQuality "1"]
[TimeControl "40/5400+30:1800+30"]

1. d4 Nf6 2. c4 c5 3. d5 e5 4. Nc3 d6 5. e4 Be7 6. g3 O-O 7. h4 Na6 8. Bh3 Nc7 9. Bxc8 Qxc8 10. Kf1 a6 11. a4 b5 12. axb5 axb5 13. Rxa8 Qxa8 14. cxb5 Rb8 15. Qd3 Qa5 16. Nge2 Nxb5 17. Nxb5 Qxb5 18. Qxb5 Rxb5 19. Nc3 Rb8 20. Ke2 Kf8 21. Kd1 Ke8 22. Kc2 Kd7 23. Bg5 h6 24. Bxf6 Bxf6 25. Ra1 Bd8 26. Ra7+ Bc7 27. h5 Kc8 28. f3 Kd8 29. Nd1 Kd7 30. Ne3 g6 31. Ng4 gxh5 32. Nf6+ Ke7 33. Nxh5 Kd7 34. Nf6+ Ke7 35. Ng4 Kd7 36. Nxh6 Rh8 37. Nxf7 Rh3 38. Ng5 Rxg3 39. Ne6 Rxf3 40. Rxc7+ Ke8 41. Ng7+ Kd8 42. Rc6 Kd7 43. Nf5 Rf2+ 44. Kd3 Rxb2 45. Rxd6+ Ke8 46. Re6+ Kd7 47. Re7+ Kd8 48. Rxe5 Rb3+ 49. Kc4 Rb4+ 50. Kxc5 Rb1 51. Re7 Rc1+ 52. Kd6 Ra1 53. Nd4 Kc8 54. Rc7+ Kb8 55. Nc6+ Ka8 56. Rc8+ Kb7 57. Rb8+ Ka6 58. Ra8+ Kb7 59. Rxa1 Kc8 60. Nd4 Kb7 61. Rb1+ Ka8 62. Kc7 1-0

[Event "10th LCC FIDE Open 2018"]
[Site "London"]
[Date "2018.12.15"]
[Round "8"]
[White "Nettleton, Charlie B"]
[Black "Gullaksen, Eirik"]
[Result "0-1"]
[ECO "A26"]
[WhiteElo "2059"]
[BlackElo "2349"]
[Annotator "NA"]
[PlyCount "70"]
[EventDate "2018.12.09"]
[EventType "swiss"]
[EventCountry "ENG"]
[SourceTitle "playchess.com"]
[Source "ChessBase"]
[SourceQuality "1"]
[TimeControl "40/5400+30:1800+30"]

1. c4 g6 2. Nc3 Bg7 3. g3 e5 4. Bg2 Nc6 5. d3 d6 6. Rb1 Nge7 7. Nf3 a6 8. O-O O-O 9. a3 Rb8 10. b4 b5 11. Nd5 Nxd5 12. cxd5 Ne7 13. Nd2 Bb7 14. e4 c6 15. dxc6 Nxc6 16. Nb3 f5 17. exf5 gxf5 18. Qh5 Ne7 19. Bh6 Bxg2 20. Kxg2 Bxh6 21. Qxh6 f4 22. d4 Ng6 23. dxe5 dxe5 24. Rbd1 Qf6 25. Kg1 Rbd8 26. Rxd8 Rxd8 27. Nc5 Qf5 28. Re1 Rd4 29. Nxa6 e4 30. Nc5 e3 31. fxe3 fxg3 32. hxg3 Rd2 33. Rf1 Qg4 34. Rf8+ Nxf8 35. Qf4 Qd1+ 0-1

[Event "10th LCC FIDE Open 2018"]
[Site "London"]
[Date "2018.12.15"]
[Round "8"]
[White "Ratnesan, Ranesh"]
[Black "Dauletova, Gulmira"]
[Result "0-1"]
[ECO "A45"]
[WhiteElo "2055"]
[BlackElo "2261"]
[Annotator "NA"]
[PlyCount "74"]
[EventDate "2018.12.09"]
[EventType "swiss"]
[EventCountry "ENG"]
[SourceTitle "playchess.com"]
[Source "ChessBase"]
[SourceQuality "1"]
[TimeControl "40/5400+30:1800+30"]

1. d4 Nf6 2. Bg5 Ne4 3. Bf4 d5 4. e3 c5 5. c3 Qb6 6. Qb3 c4 7. Qxb6 axb6 8. Nd2 Nxd2 9. Kxd2 Bf5 10. Be2 Nc6 11. Nf3 h6 12. a3 b5 13. Rae1 e6 14. Ne5 b4 15. axb4 Ra2 16. Nxc6 Rxb2+ 17. Kd1 Rb1+ 18. Kd2 Rb2+ 19. Kd1 bxc6 20. f3 Rb1+ 21. Kd2 Rb2+ 22. Kd1 Be7 23. e4 Bg6 24. Bc1 Ra2 25. Bf1 Kd7 26. h4 Rha8 27. g3 Ra1 28. Rg1 R8a3 29. Kc2 R3a2+ 30. Kd1 Ra3 31. Kc2 R3a2+ 32. Kd1 Rb1 33. Rg2 Raa1 34. Rc2 Bd6 35. f4 Bxe4 36. Rxe4 dxe4 37. Bxc4 e3 0-1

[Event "10th LCC FIDE Open 2018"]
[Site "London"]
[Date "2018.12.15"]
[Round "8"]
[White "Bin-Suhayl, Ieysaa"]
[Black "Pollack, Oscar"]
[Result "1-0"]
[ECO "E84"]
[WhiteElo "2038"]
[BlackElo "2150"]
[Annotator "NA"]
[PlyCount "60"]
[EventDate "2018.12.09"]
[EventType "swiss"]
[EventCountry "ENG"]
[SourceTitle "playchess.com"]
[Source "ChessBase"]
[SourceQuality "1"]
[TimeControl "40/5400+30:1800+30"]

1. d4 Nf6 2. c4 g6 3. Nc3 Bg7 4. e4 d6 5. f3 O-O 6. Be3 Nc6 7. Nge2 a6 8. Qd2 Rb8 9. Rc1 Bd7 10. b3 b5 11. cxb5 axb5 12. d5 Ne5 13. Nd4 b4 14. Ncb5 e6 15. dxe6 fxe6 16. Nxc7 Qe7 17. Be2 Rfc8 18. O-O Rb7 19. Na6 d5 20. Rxc8+ Bxc8 21. Rc1 Qe8 22. Nxb4 dxe4 23. Ba6 Rb8 24. Bf4 Nd5 25. Nxd5 Bxa6 26. Nc7 Qc8 27. Ncxe6 Qe8 28. Nxg7 Kxg7 29. Bxe5+ Qxe5 30. Nc6 Bc8 1-0

[Event "10th LCC FIDE Open 2018"]
[Site "London"]
[Date "2018.12.15"]
[Round "8"]
[White "Wilks, Simon"]
[Black "Gilevych, Artem"]
[Result "0-1"]
[ECO "C17"]
[WhiteElo "2019"]
[BlackElo "2409"]
[Annotator "NA"]
[PlyCount "80"]
[EventDate "2018.12.09"]
[EventType "swiss"]
[EventCountry "ENG"]
[SourceTitle "playchess.com"]
[Source "ChessBase"]
[SourceQuality "1"]
[TimeControl "40/5400+30:1800+30"]

1. e4 e6 2. d4 d5 3. Nc3 Bb4 4. e5 c5 5. Bd2 Nh6 6. Nb5 Bxd2+ 7. Qxd2 O-O 8. Nf3 Nc6 9. dxc5 b6 10. Nbd4 Nxd4 11. Qxd4 Nf5 12. Qc3 d4 13. Qc4 Bb7 14. Bd3 bxc5 15. Qxc5 Rc8 16. Qxa7 Bxf3 17. gxf3 Qd5 18. Be4 Qxe5 19. O-O-O Rc5 20. Kb1 Rfc8 21. Rhe1 g6 22. Qd7 Qf6 23. Re2 R5c7 24. Qa4 Rc4 25. Qd7 R8c7 26. Qe8+ Kg7 27. Qb5 Nd6 28. Qb3 e5 29. Bd3 R4c5 30. Qb6 R7c6 31. Qb4 Qxf3 32. Rde1 f6 33. a4 Rc7 34. a5 g5 35. a6 g4 36. Qb8 Qc6 37. Rg1 h5 38. a7 Ra5 39. b3 Qc3 40. a8=Q Qa1# 0-1

[Event "10th LCC FIDE Open 2018"]
[Site "London"]
[Date "2018.12.15"]
[Round "8"]
[White "Mueller, Jens"]
[Black "Bates, Caspar J"]
[Result "0-1"]
[ECO "A45"]
[WhiteElo "1981"]
[BlackElo "2113"]
[Annotator "NA"]
[PlyCount "58"]
[EventDate "2018.12.09"]
[EventType "swiss"]
[EventCountry "ENG"]
[SourceTitle "playchess.com"]
[Source "ChessBase"]
[SourceQuality "1"]
[TimeControl "40/5400+30:1800+30"]

1. d4 Nf6 2. Bf4 b6 3. e3 Bb7 4. Nd2 d6 5. h3 g6 6. Ngf3 Bg7 7. c3 O-O 8. Qc2 Nbd7 9. O-O-O c5 10. Bg5 Rc8 11. Kb1 a6 12. Nh2 b5 13. Ka1 Nd5 14. Ne4 cxd4 15. exd4 Qb6 16. Be3 b4 17. c4 b3 18. Qd2 Nb4 19. Nc3 Nc2+ 20. Kb1 Nxe3 21. fxe3 bxa2+ 22. Kxa2 e5 23. Nf3 Bxf3 24. gxf3 Rb8 25. Kb1 exd4 26. Nd5 dxe3 27. Nxb6 exd2 28. Nxd7 Rxb2+ 29. Ka1 Rd8 0-1

[Event "10th LCC FIDE Open 2018"]
[Site "London"]
[Date "2018.12.15"]
[Round "8"]
[White "Keely, Leo A"]
[Black "Martinez, Ayelen"]
[Result "1-0"]
[ECO "B23"]
[WhiteElo "1964"]
[BlackElo "2185"]
[Annotator "NA"]
[PlyCount "86"]
[EventDate "2018.12.09"]
[EventType "swiss"]
[EventCountry "ENG"]
[SourceTitle "playchess.com"]
[Source "ChessBase"]
[SourceQuality "1"]
[TimeControl "40/5400+30:1800+30"]

1. e4 c5 2. Nc3 a6 3. f4 b5 4. g3 Bb7 5. Bg2 e6 6. d3 b4 7. Nce2 d5 8. exd5 Bxd5 9. Nf3 Nf6 10. O-O Ra7 11. f5 exf5 12. Nf4 Ba8 13. Re1+ Be7 14. a3 O-O 15. axb4 cxb4 16. Be3 Rc7 17. Qd2 Ng4 18. d4 Be4 19. c3 Nd7 20. h3 Ngf6 21. Rec1 Nb6 22. Qe2 Nc4 23. Rxa6 Qc8 24. Raa1 bxc3 25. Rxc3 Bb4 26. Rcc1 Re8 27. Ne5 Nxe5 28. dxe5 Rxe5 29. Bxe4 Rxe4 30. Rxc7 Qxc7 31. Kf2 g5 32. Nh5 Qc6 33. Ra6 Rxe3 34. Nxf6+ Qxf6 35. Rxf6 Rxe2+ 36. Kxe2 g4 37. hxg4 fxg4 38. Rf4 Bd6 39. Rxg4+ Kf8 40. Kf3 Ke7 41. Rh4 Ke6 42. Rxh7 f6 43. g4 Kd5 {[%emt 0:00:49] Ke4+} 1-0

[Event "10th LCC FIDE Open 2018"]
[Site "London"]
[Date "2018.12.15"]
[Round "8"]
[White "Rice, Chris B"]
[Black "Longson, Sarah N"]
[Result "1/2-1/2"]
[ECO "D00"]
[WhiteElo "1963"]
[BlackElo "2137"]
[Annotator "NA"]
[PlyCount "96"]
[EventDate "2018.12.09"]
[EventType "swiss"]
[EventCountry "ENG"]
[SourceTitle "playchess.com"]
[Source "ChessBase"]
[SourceQuality "1"]
[TimeControl "40/5400+30:1800+30"]

1. d4 d5 2. e3 Nf6 3. Bd3 Nc6 4. f4 Bg4 5. Nf3 e6 6. c3 Ne4 7. O-O Be7 8. Qa4 f6 9. Nbd2 Bxf3 10. Nxf3 O-O 11. Qc2 f5 12. b4 Nb8 13. a3 Nd7 14. Bb2 Ndf6 15. c4 dxc4 16. Bxc4 Nd5 17. Qe2 a5 18. b5 a4 19. Rfc1 Bf6 20. Rc2 Nd6 21. Ba2 Ra5 22. Rc5 b6 23. Rc6 Nxb5 24. Rac1 Re8 25. Ne5 Bxe5 26. fxe5 Re7 27. Qf3 Na7 28. R6c2 Rf7 29. Bc3 Ra6 30. Bc4 b5 31. Bxd5 Qxd5 32. Qxd5 exd5 33. Bd2 c6 34. Kf2 Re7 35. Bb4 Re6 36. Kf3 Kf7 37. Kf4 g6 38. Kg5 Nc8 39. Bc5 h5 40. h3 Nb6 41. Bxb6 Rxb6 42. g4 hxg4 43. hxg4 fxg4 44. Kxg4 b4 45. axb4 Rxb4 46. Rf1+ Kg7 47. Kg5 a3 48. Rcf2 Rb7 1/2-1/2

[Event "10th LCC FIDE Open 2018"]
[Site "London"]
[Date "2018.12.15"]
[Round "8"]
[White "Edwards, Simon R"]
[Black "Englisch, Colya"]
[Result "0-1"]
[ECO "B07"]
[WhiteElo "1931"]
[BlackElo "2105"]
[Annotator "NA"]
[PlyCount "64"]
[EventDate "2018.12.09"]
[EventType "swiss"]
[EventCountry "ENG"]
[SourceTitle "playchess.com"]
[Source "ChessBase"]
[SourceQuality "1"]
[TimeControl "40/5400+30:1800+30"]

1. e4 d6 2. d4 Nf6 3. Nc3 g6 4. Bg5 Bg7 5. e5 Nfd7 6. f4 Nc6 7. Qd2 O-O 8. O-O-O f6 9. exf6 exf6 10. Bh4 Nb6 11. h3 Qe8 12. g4 Qf7 13. Bg2 f5 14. gxf5 Bxf5 15. Nge2 Nb4 16. Ne4 a5 17. b3 Nxa2+ 18. Kb2 Nb4 19. Ng5 Qd7 20. Be4 Bxe4 21. Nxe4 Qb5 22. Rb1 a4 23. c4 Qa5 24. Ra1 a3+ 25. Kc1 a2 26. Kd1 Qf5 27. N4c3 Bh6 28. Bg3 Rfe8 29. Nc1 Qh5+ 30. N3e2 Qf3 31. Re1 c5 32. h4 Bg7 0-1

[Event "10th LCC FIDE Open 2018"]
[Site "London"]
[Date "2018.12.16"]
[Round "9"]
[White "Piesik, Piotr"]
[Black "Wadsworth, Matthew J"]
[Result "1-0"]
[ECO "A07"]
[WhiteElo "2404"]
[BlackElo "2364"]
[Annotator "NA"]
[PlyCount "73"]
[EventDate "2018.12.09"]
[EventType "swiss"]
[EventCountry "ENG"]
[SourceTitle "playchess.com"]
[Source "ChessBase"]
[SourceQuality "1"]
[TimeControl "40/5400+30:1800+30"]

1. Nf3 Nf6 2. g3 d5 3. Bg2 c6 4. O-O Bg4 5. d3 Nbd7 6. Nbd2 e6 7. e4 Be7 8. h3 Bh5 9. Qe2 O-O 10. a4 a5 11. Nb3 Nc5 12. Nxc5 Bxc5 13. Bg5 h6 14. Bf4 Qb6 15. g4 Bg6 16. Ne5 dxe4 17. dxe4 Rad8 18. c3 Qb3 19. Rfe1 Nd7 20. Nc4 b6 21. Bc7 Ra8 22. Red1 Nf6 23. Bxb6 Be7 24. Bc7 Qb7 25. Bd6 Bxd6 26. Rxd6 Rfb8 27. f4 Qa7+ 28. Kh1 Qc5 29. Rad1 Ne8 30. R6d4 f6 31. e5 Kh7 32. exf6 Nxf6 33. Qxe6 Bc2 34. R1d2 Bxa4 35. Ne5 Bb3 36. Qf5+ Kg8 37. Bxc6 1-0

[Event "10th LCC FIDE Open 2018"]
[Site "London"]
[Date "2018.12.16"]
[Round "9"]
[White "Eggleston, David J"]
[Black "Mihalik, Agoston"]
[Result "1-0"]
[ECO "B81"]
[WhiteElo "2397"]
[BlackElo "2220"]
[Annotator "NA"]
[PlyCount "209"]
[EventDate "2018.12.09"]
[EventType "swiss"]
[EventCountry "ENG"]
[SourceTitle "playchess.com"]
[Source "ChessBase"]
[SourceQuality "1"]
[TimeControl "40/5400+30:1800+30"]

1. e4 c5 2. Nf3 d6 3. d4 cxd4 4. Nxd4 Nf6 5. Nc3 a6 6. h3 e6 7. g4 Be7 {[%emt 0:00:01] B81: Sicilian Scheveningen: Keres Attack} (7... h6 8. Bg2 g5 9. Be3 Nbd7 10. Qe2 Ne5 11. O-O-O Nfd7 12. h4 Rg8 13. hxg5 hxg5 14. Kb1 b5 15. f4 gxf4 16. Bxf4 Bb7 {½-½ (56) Karjakin,S (2773)-Mamedyarov,S (2801) Saint Louis 2018}) 8. g5 Nfd7 9. h4 b5 10. a3 Bb7 11. Be3 Nc6 12. Nxc6 Bxc6 13. Qd4 O-O 14. O-O-O Rb8 15. h5 a5 16. h6 e5 17. Qd2 g6 18. Nd5 Bxd5 {[%emt 0:03:04] [#]} 19. Qxd5 $146 ({Predecessor:} 19. exd5) 19... b4 20. axb4 axb4 21. Rg1 Qc7 22. Bc4 Ra8 23. Bb3 Ra5 24. Qc4 Qb7 25. Kd2 Nc5 26. Bxc5 Rxc5 27. Qd3 Kh8 28. Bd5 Qb6 29. Ra1 Ra5 30. Raf1 f6 31. gxf6 Bxf6 32. Ke2 Bh4 33. Qe3 Rc5 34. Bb3 Qc7 35. Qd2 Qb7 36. Rg4 Be7 37. Qd3 Qd7 38. f3 Rfc8 39. Ra1 Bf8 40. Ra6 Rd8 41. Rb6 Bxh6 42. Rxb4 Qa7 43. Ra4 Ra5 44. Rxa5 Qxa5 45. Rg1 Bf4 46. Rb1 h5 47. Be6 Qb6 48. b4 Bg3 49. Qe3 Qxe3+ 50. Kxe3 Rb8 51. b5 Rb6 52. c4 h4 53. Ra1 Bh2 54. Kf2 Bg3+ 55. Kg2 Bf4 56. Kh3 Be3 57. Ra7 Rb8 58. Ra6 Bc5 59. Kxh4 Kg7 60. Kg3 Kf6 61. Bd5 Kg5 62. Rc6 Kh5 63. Rc7 Kg5 64. Rf7 Be3 65. Kg2 Bd4 66. Rh7 Be3 67. Kf1 Bd4 68. Ke2 Bc5 69. Kf1 Bd4 70. Kg2 Bc5 71. Rd7 Kh5 72. Bc6 Kg5 73. Kg3 Bb4 ({Black should try} 73... Rh8 $1 $11) 74. Rh7 Bc5 75. Kg2 Bd4 76. Rh3 Kf6 77. Rh4 Be3 78. Kf1 Bg5 79. Rg4 Be3 80. Ke2 Bc1 (80... Bc5 $14) 81. Kd3 Ba3 82. f4 exf4 83. Rxf4+ Kg5 84. Rf7 Bc5 85. e5 dxe5 86. Ke4 Bd4 87. Kd5 Kh4 88. c5 g5 89. b6 g4 90. b7 g3 91. Kd6 Kh3 92. Rh7+ Kg4 93. Bg2 e4 94. Bxe4 Kf4 95. Bg2 Be5+ 96. Kc6 Re8 97. Rh4+ Ke3 98. Re4+ Kf2 99. Rxe5 Rxe5 100. b8=Q Rxc5+ 101. Kxc5 Kxg2 102. Kd4 Kh1 103. Ke3 g2 104. Qh8+ Kg1 105. Kf3 1-0

[Event "10th LCC FIDE Open 2018"]
[Site "London"]
[Date "2018.12.16"]
[Round "9"]
[White "Lewtak, Damian"]
[Black "Mihajlov, Sebastian"]
[Result "1/2-1/2"]
[ECO "E92"]
[WhiteElo "2393"]
[BlackElo "2358"]
[Annotator "NA"]
[PlyCount "27"]
[EventDate "2018.12.09"]
[EventType "swiss"]
[EventCountry "ENG"]
[SourceTitle "playchess.com"]
[Source "ChessBase"]
[SourceQuality "1"]
[TimeControl "40/5400+30:1800+30"]

1. c4 Nf6 2. Nf3 g6 3. Nc3 Bg7 4. d4 O-O 5. e4 d6 6. Be2 e5 7. dxe5 dxe5 8. Qxd8 Rxd8 9. Bg5 Re8 10. Nd5 Nxd5 11. cxd5 c6 12. Bc4 b5 13. Bb3 Bb7 14. Rd1 1/2-1/2

[Event "10th LCC FIDE Open 2018"]
[Site "London"]
[Date "2018.12.16"]
[Round "9"]
[White "Bates, Richard A"]
[Black "Brooks, Phil J"]
[Result "1/2-1/2"]
[ECO "D05"]
[WhiteElo "2372"]
[BlackElo "2184"]
[Annotator "NA"]
[PlyCount "141"]
[EventDate "2018.12.09"]
[EventType "swiss"]
[EventCountry "ENG"]
[SourceTitle "playchess.com"]
[Source "ChessBase"]
[SourceQuality "1"]
[TimeControl "40/5400+30:1800+30"]

1. d4 e6 2. Nf3 d5 3. e3 c5 4. b3 Nc6 5. Bd3 Nf6 6. O-O Bd6 7. Bb2 O-O 8. Nbd2 b6 9. a3 Bb7 10. Qe2 Qc7 11. dxc5 bxc5 12. e4 Ne5 13. Nxe5 Bxe5 14. Bxe5 Qxe5 15. exd5 Qxe2 16. Bxe2 Bxd5 17. Bf3 Rad8 18. Rfd1 Rd7 19. Kf1 Rfd8 20. Ke1 Bxf3 21. Nxf3 Ne4 22. Rxd7 Rxd7 23. Ne5 Rd6 24. Rd1 Rxd1+ 25. Kxd1 Nxf2+ 26. Ke2 Ne4 27. Nc6 a6 28. Nb8 a5 29. Nc6 a4 30. bxa4 Nc3+ 31. Kd3 Nxa4 32. Kc4 f6 33. Kb5 Nc3+ 34. Kxc5 e5 35. Kc4 Na4 36. Kb4 Nb6 37. a4 e4 38. a5 Nc8 39. a6 Kf7 40. a7 Nb6 41. Kb5 Na8 42. Nd4 g6 43. Kc6 Ke7 44. g4 e3 45. c4 Kd8 46. c5 Kc8 47. Ne2 h5 48. gxh5 gxh5 49. h4 Nc7 50. Nd4 Na8 51. Kd6 Kb7 52. Ke6 Kxa7 53. Kxf6 Kb7 54. Kg5 Nc7 55. Kxh5 Ne6 56. Ne2 Kc6 57. Kg6 Kxc5 58. h5 Kd6 59. Kf6 Nf8 60. Ng3 Kd7 61. h6 Ke8 62. Ne2 Nh7+ 63. Kg7 Ng5 64. Kg6 Nf7 65. h7 Kf8 66. Kf6 Nh8 67. Nf4 Nf7 68. Ng6+ Ke8 69. Ne5 Nh8 70. Kg7 e2 71. Nf3 1/2-1/2

[Event "10th LCC FIDE Open 2018"]
[Site "London"]
[Date "2018.12.16"]
[Round "9"]
[White "Lane, Gary W"]
[Black "Lim, Zhuo Ren"]
[Result "1-0"]
[ECO "C07"]
[WhiteElo "2353"]
[BlackElo "2184"]
[Annotator "NA"]
[PlyCount "44"]
[EventDate "2018.12.09"]
[EventType "swiss"]
[EventCountry "ENG"]
[SourceTitle "playchess.com"]
[Source "ChessBase"]
[SourceQuality "1"]
[TimeControl "40/5400+30:1800+30"]

1. e4 e6 2. d4 d5 3. Nd2 c5 4. exd5 Qxd5 5. Ngf3 cxd4 6. Bc4 Qd7 7. O-O Nc6 8. Nb3 Nf6 9. Qe2 a6 10. a4 Qc7 11. Nbxd4 Nxd4 12. Nxd4 Bd6 13. h3 O-O 14. Bg5 Bd7 15. c3 Rac8 16. Bb3 Bf4 17. Bh4 Kh8 18. Rad1 Bc6 19. Bc2 Rg8 20. Nxc6 Qxc6 21. Bxf6 gxf6 22. Qe4 Rxg2+ 1-0

[Event "10th LCC FIDE Open 2018"]
[Site "London"]
[Date "2018.12.16"]
[Round "9"]
[White "Gullaksen, Eirik"]
[Black "Smith, Andrew Philip"]
[Result "1-0"]
[ECO "C41"]
[WhiteElo "2349"]
[BlackElo "2157"]
[Annotator "NA"]
[PlyCount "110"]
[EventDate "2018.12.09"]
[EventType "swiss"]
[EventCountry "ENG"]
[SourceTitle "playchess.com"]
[Source "ChessBase"]
[SourceQuality "1"]
[TimeControl "40/5400+30:1800+30"]

1. e4 e5 2. Nf3 d6 3. d4 Nd7 4. Bc4 Qf6 5. Nc3 c6 6. h4 h6 7. Be3 Be7 8. Qd2 Bd8 9. O-O-O Qe7 10. h5 Ba5 11. Nh4 Ndf6 12. f3 Nxh5 13. g4 Nf4 14. Bxf4 exf4 15. Nf5 Bxf5 16. gxf5 O-O-O 17. Rhg1 Qf6 18. Qxf4 Bxc3 19. bxc3 g5 20. Qg3 Ne7 21. Bd3 c5 22. e5 dxe5 23. dxe5 Qb6 24. Bc4 Qa5 25. Bxf7 Qxc3 26. Kb1 Qb4+ 27. Bb3 Nd5 28. Rxd5 Rxd5 29. a3 Qb6 30. Ka2 Rd2 31. Rb1 c4 32. Ba4 Qa5 33. Rb4 Qd5 34. Qg4 Rd4 35. Qg3 Rd1 36. f6 h5 37. Qxg5 Qd4 38. Rb2 c3 39. Rb4 Qd5+ 40. Bb3 Qd2 41. Qf4 Qe1 42. Be6+ Kb8 43. f7 Rf8 44. Rxb7+ Kxb7 45. Qb4+ Kc6 46. Qc4+ Kb6 47. Qb4+ Kc6 48. Qxf8 Ra1+ 49. Kb3 Qb1+ 50. Kxc3 Qe1+ 51. Kb2 Qxe5+ 52. c3 Rd1 53. Qe8+ Kb6 54. Bb3 Rd2+ 55. Bc2 Qf5 1-0